 Dungeon Crawl Stone Soup version 0.21.0-22-g11d5b52 (webtiles) character file.

6646 komo4ek the Cruncher (level 11, -5/84 HPs)
             Began as a Human Gladiator on Jan 18, 2018.
             Was a Believer of Qazlal.
             Killed by divine providence
             ... invoked by an orc priest
              (10 damage)
             ... on level 10 of the Dungeon.
             The game lasted 00:31:47 (11282 turns).

komo4ek the Cruncher (Human Gladiator)             Turns: 11282, Time: 00:31:47

Health: -5/84      AC:  9    Str: 17    XL:     11   Next: 22%
Magic:  10/15      EV: 18    Int:  9    God:    Qazlal [**....]
Gold:   743        SH:  3    Dex: 15    Spells: 15/15 levels left

rFire    . . .     SeeInvis .   a - +3 quarterstaff
rCold    . . .     Gourm    +   (shield currently unavailable)
rNeg     . . .     Faith    .   w - +0 ring mail
rPois    .         Spirit   .   j - +2 helmet
rElec    .         Reflect  .   (no cloak)
rCorr    .         Harm     .   (no gloves)
MR       .....                  (no boots)
Stlth    ..........             G - amulet of the gourmand
HPRegen  0.24/turn              t - ring of loudness
MPRegen  0.14/turn              y - +3 ring of evasion

@: no status effects
A: no striking features
a: Upheaval, Renounce Religion


You were on level 10 of the Dungeon.
You worshipped Qazlal.
Qazlal was pleased with you.
You were very hungry.

You visited 1 branch of the dungeon, and saw 10 of its levels.

You collected 743 gold pieces.

Inventory:

Hand Weapons
 a - a +3 quarterstaff (weapon)
 h - a +0 shortbow
Missiles
 d - 3 throwing nets
 g - 3 javelins (quivered)
 o - 172 arrows
 A - 27 bolts
Armour
 b - a +2 pair of gloves
 j - a +2 helmet (worn)
 w - a +0 ring mail (worn)
Jewellery
 t - a ring of loudness (left hand)
 y - a +3 ring of evasion (right hand)
 G - an amulet of the gourmand (around neck)
Wands
 c - a wand of iceblast (8)
 k - a wand of random effects (23)
 p - a wand of paralysis (11)
 F - a wand of digging (7)
Scrolls
 e - 4 scrolls of teleportation
 l - 12 scrolls of identify
 m - 3 scrolls of fear
 s - a scroll of fog
 z - a scroll of blinking {unknown}
 B - 5 scrolls of remove curse
 D - a scroll of magic mapping
 E - a scroll of amnesia
Potions
 i - a potion of flight
 q - 3 potions of curing
 r - a potion of lignification {unknown}
 u - 5 potions of brilliance
 v - 2 potions of might {unknown}
 x - 3 potions of haste
 I - a potion of magic {unknown}
Comestibles
 f - 11 rations


   Skills:
 + Level 7.3 Fighting
 + Level 10.2 Staves
 - Level 2.0 Throwing
 + Level 7.0 Armour
 + Level 7.7 Dodging
 * Level 2.8 Spellcasting
 + Level 3.1 Invocations
 - Level 1.8 Evocations


You had 15 spell levels left.
You didn't know any spells.

Dungeon Overview and Level Annotations

Branches:
Dungeon (10/15)            Temple (0/1) D:7            Lair (0/6) D:9
    Orc: D:9-12

Altars:
Cheibriados
Dithmenos
Hepliaklqana
Makhleb
Qazlal
Sif Muna
Uskayaw
Vehumet
Xom
The Shining One

Shops:
D:9 :

Annotations:
D:4 braks's ghost, amateur DrAr
D:9 1 runed door
D:10 exclusion: ice statue


Message History

The orc hits you with a mace.
* * * LOW HITPOINT WARNING * * *
A yak comes into view.
The yak bellows!
You hear a bellow!
The orc completely misses you. The orc barely misses you.
The ice statue gestures at you.
The bolt of cold hits the orc.
The orc dies!
The bolt of cold misses you.
A yak comes into view.
Your surroundings suddenly seem different.
A howler monkey comes into view.
The howler monkey howls!
An orc priest comes into view. It is wielding a dagger.
The orc priest shouts!
An orc priest comes into view. It is wielding a dagger.
The orc priest shouts!
The orc priest mumbles some strange prayers to Beogh against you.
Beogh smites you!
You die...

##.o#. .#...
.#ho ... ##..# .
# #...#
....#.#...#.#
.......@....#
#####.ยง.....#
###........
#..#####. #...
#....
................
#...............
#...............


You could see a howler monkey and 2 orc priests.

Vanquished Creatures
  2 two-headed ogres (D:9)
  A hornet (D:8)
  2 hippogriffs
  Prince Ribbit (D:8)
  2 hungry ghosts (D:7)
  A water moccasin (D:8)
  2 porcupines (D:9)
  3 ice beasts
  2 orc warriors
  3 sky beasts
  A necrophage (D:7)
  A phantom (D:9)
  6 ogres
  6 centaurs
  2 big kobolds (D:7)
  3 bullfrogs
  2 gnoll sergeants (D:7)
  3 scorpions
  3 killer bees (D:8)
  5 wights (D:8)
  2 howler monkeys
  A bullfrog zombie (D:5)
  A crimson imp (D:7)
  2 jellies
  A bullfrog skeleton (D:4)
  2 orc priests
  2 gnoll shamans (D:7)
  5 hounds
  4 orc wizards
  Jessica (D:2)
  An iguana (D:7)
  2 hell rats (D:9)
  8 worker ants
  A statue (D:7)
  A hound zombie (D:8)
  A howler monkey zombie (D:5)
  Robin (D:2)
  7 adders
  7 gnolls
  A howler monkey skeleton (D:4)
  2 river rats (D:9)
  2 shadow imps
  An ooze (D:1)
  2 adder skeletons
  4 worms
  2 dart slugs
  6 leopard geckos
  20 orcs
  A giant cockroach (D:2)
  19 goblins
  14 hobgoblins
  3 jackals (D:1)
  4 quokkas
  2 ball pythons (D:1)
  7 bats
  2 frilled lizards (D:1)
  A giant cockroach zombie (D:6)
  11 kobolds
  A quokka skeleton (D:4)
  9 rats
  A butterfly (D:7)
  A fungus (D:6)
217 creatures vanquished.

Vanquished Creatures (others)
  A bullfrog skeleton (D:6)
  2 orcs (D:10)
  A butterfly (D:7)
  5 plants (D:7)
9 creatures vanquished.

Grand Total: 226 creatures vanquished

Notes
Turn   | Place    | Note
-------+----------+-------------------------------------------
     0 | D:1      | komo4ek the Human Gladiator began the quest for the Orb.
     0 | D:1      | Reached XP level 1. HP: 16/16 MP: 1/1
     3 | D:1      | Noticed an electric eel
     3 | D:1      | Noticed an electric eel
    45 | D:1      | Reached XP level 2. HP: 22/22 MP: 2/2
   473 | D:1      | Reached XP level 3. HP: 26/27 MP: 3/3
   604 | D:1      | Reached skill level 1 in Armour
   887 | D:2      | Reached XP level 4. HP: 16/34 MP: 4/4
  1503 | D:2      | Reached skill level 4 in Staves
  1750 | D:2      | Noticed Robin
  1791 | D:2      | Killed Robin
  1791 | D:2      | Reached XP level 5. HP: 24/39 MP: 5/5
  1798 | D:2      | Noticed Jessica
  1823 | D:2      | Killed Jessica
  2571 | D:3      | Found a glowing golden altar of the Shining One.
  2590 | D:3      | Reached XP level 6. HP: 31/47 MP: 6/6
  2821 | D:3      | Reached skill level 5 in Staves
  3232 | D:4      | Found a stormy altar of Qazlal.
  3240 | D:4      | Became a worshipper of Qazlal Stormbringer
  3289 | D:4      | Reached XP level 7. HP: 24/52 MP: 7/7
  3331 | D:4      | Noticed braks's ghost (amateur DrAr)
  3889 | D:4      | Found a hazy altar of Hepliaklqana.
  4126 | D:5      | Entered Level 5 of the Dungeon
  5268 | D:5      | Found a deep blue altar of Sif Muna.
  5397 | D:6      | Reached skill level 6 in Staves
  5397 | D:6      | Reached XP level 8. HP: 59/60 MP: 8/8
  5657 | D:6      | Reached skill level 5 in Dodging
  5871 | D:6      | Found a burning altar of Makhleb.
  5916 | D:6      | Found a shadowy altar of Dithmenos.
  6090 | D:6      | Reached skill level 7 in Staves
  6260 | D:7      | Found a hide-covered altar of Uskayaw.
  6335 | D:7      | Reached * piety under Qazlal
  6344 | D:7      | Noticed a hippogriff
  6368 | D:7      | Killed a hippogriff
  6368 | D:7      | Reached skill level 5 in Fighting
  6368 | D:7      | Reached XP level 9. HP: 19/68 MP: 9/9
  6403 | D:7      | Found a staircase to the Ecumenical Temple.
  6818 | D:7      | Reached skill level 8 in Staves
  6818 | D:7      | Reached skill level 5 in Armour
  7530 | D:7      | Reached ** piety under Qazlal
  7602 | D:7      | Found a snail-covered altar of Cheibriados.
  7602 | D:7      | Found a shimmering altar of Xom.
  7668 | D:7      | Found a radiant altar of Vehumet.
  7846 | D:7      | Reached XP level 10. HP: 68/76 MP: 10/10
  8183 | D:7      | Reached skill level 9 in Staves
  9476 | D:8      | Noticed Prince Ribbit
  9487 | D:8      | Killed Prince Ribbit
  9487 | D:8      | Reached skill level 1 in Invocations
  9736 | D:9      | Reached skill level 1 in Evocations
  9737 | D:9      | Noticed a two-headed ogre
  9744 | D:9      | Killed a two-headed ogre
  9963 | D:9      | Found Sasatozi's Book Shoppe.
  9994 | D:9      | Reached skill level 10 in Staves
 10349 | D:9      | Reached skill level 1 in Spellcasting
 10387 | D:9      | Reached XP level 11. HP: 48/84 MP: 12/12
 10523 | D:9      | Reached *** piety under Qazlal
 10737 | D:9      | Noticed a two-headed ogre
 10741 | D:9      | Killed a two-headed ogre
 10902 | D:9      | Noticed a death yak
 10903 | D:9      | Noticed a death yak
 10922 | D:9      | Noticed a death yak
 11149 | D:9      | Noticed an angel
 11196 | D:9      | Found a staircase to the Lair.
 11226 | D:9      | Found a glowing golden altar of the Shining One.
 11226 | D:9      | Found a runed door.
 11266 | D:10     | Entered Level 10 of the Dungeon
 11270 | D:10     | Noticed a two-headed ogre
 11274 | D:10     | HP: 4/84 [ice statue/bolt of cold (23)]
 11282 | D:10     | Killed from afar by an orc priest

Skill      XL: |  1  2  3  4  5  6  7  8  9 10 11 |
---------------+----------------------------------+-----
Armour         | 1 2 3 4 5 6 7 |  7.0
Staves         | 4 5 6 7 8 10 | 10.2
Fighting       | 3 4 5 6 7 |  7.3
Dodging        | 4 5 6 7 |  7.7
Invocations    | 2 3 |  3.1
Evocations     | 1 |  1.8
Spellcasting   | 1 2 |  2.8
Throwing       | |  2.0

Action                   |  1- 3 |  4- 6 |  7- 9 | 10-12 || total
-------------------------+-------+-------+-------+-------++-------
Melee: Quarterstaff      |    67 |   190 |   359 |   300 ||   916
Throw: Javelin           |       |     3 |     2 |       ||     5
Invok: Elemental Force   |       |       |       |     1 ||     1
Evoke: Wand              |       |       |     6 |    10 ||    16
  Use: Potion            |     2 |     5 |     3 |     7 ||    17
       Scroll            |       |     8 |     3 |     7 ||    18
 Stab: Paralysed         |       |       |     4 |     4 ||     8
  Eat: Chunk             |       |     7 |     8 |       ||    15
       Ration            |       |       |     7 |     2 ||     9
Armor: Leather armour    |    28 |    51 |     5 |       ||    84
       Ring mail         |       |       |    90 |    59 ||   149
Dodge: Dodged            |    48 |   137 |   194 |   168 ||   547
Block: Other             |       |       |    12 |    33 ||    45
